 Dungeon Crawl Stone Soup version 0.32-a0-599-gba8f9cf90e (webtiles) character file.

Game seed: 13093324297680358601

2419 CougarLife the Geomancer (level 9, -2/45 HPs)
             Began as a Gargoyle Earth Elementalist on Mar 3, 2024.
             Was an Initiate of Vehumet.
             Slain by a wight
             ... wielding a +0 war axe
              (11 damage)
             ... on level 6 of the Dungeon.
             The game lasted 00:10:46 (6700 turns).

CougarLife the Geomancer (GrEE)                     Turns: 6700, Time: 00:10:47

Health: -2/45      AC: 17    Str: 12    XL:     9   Next: 48%
Magic:  2/28       EV: 11    Int: 26    God:    Vehumet [......]
Gold:   422        SH:  0    Dex:  8    Spells: 17/21 levels left

rFire   . . .        u - +0 dagger (protect)
rCold   . . .        (no shield)
rNeg    + + .        a - +0 robe
rPois   ∞            (no helmet)
rElec   +            i - +0 cloak
rCorr   .            (no gloves)
SInv    .            s - +0 pair of boots "Kuochear" {+Inv rN+ Dex-2}
Will    .....        (no amulet)
Stlth   ++           c - ring of magical power
HPRegen 0.27/turn    g - +6 ring of intelligence
MPRegen 0.21/turn

%: no passive effects
@: under a protective aura
A: sickness immunity, AC +6, negative energy resistance 1, electricity
resistance, torment resistance 1, petrification resistance
a: Renounce Religion, Evoke Invisibility


You were on level 6 of the Dungeon.
You worshipped Vehumet.
Vehumet was noncommittal.
You visited 2 branches of the dungeon, and saw 8 of its levels.
You also visited: Ossuary.

You collected 422 gold pieces.

Inventory:

Hand Weapons
 u - a +0 dagger of protection (weapon)
Armour
 a - a +0 robe (worn)
 i - a +0 cloak (worn)
 s - the +0 pair of boots "Kuochear" (worn) {+Inv rN+ Dex-2}
   (You found it on level 2 of the Dungeon)

   Dex-2:     It affects your dexterity (-2).
   rN+:       It protects you from negative energy.
   +Inv:      It lets you turn invisible.
Jewellery
 c - a ring of magical power (left hand)
 g - a +6 ring of intelligence (right hand)
 k - a ring of protection from fire
 o - a ring of ice
Scrolls
 d - a scroll of amnesia {unknown}
 j - a scroll of immolation
 m - 5 scrolls of noise
 n - 3 scrolls of fear
 p - a scroll of revelation
 q - a scroll of enchant armour
 r - a scroll of blinking {unknown}
 t - a scroll of silence {unknown}
 y - 3 scrolls of teleportation {unknown}
Potions
 b - 3 potions of magic
 e - 4 potions of heal wounds
 f - 4 potions of attraction
 h - a potion of might {unknown}
 l - 2 potions of lignification {unknown}
 v - 2 potions of resistance {unknown}
 w - 4 potions of curing {unknown}
 x - a potion of berserk rage {unknown}
 z - 3 potions of mutation {unknown}
 A - 3 potions of brilliance {unknown}
 B - 3 potions of degeneration {unknown}
 C - a potion of enlightenment {unknown}


   Skills:
 - Level 1.5 Dodging
 - Level 2.1 Stealth
 + Level 6.9 Spellcasting
 + Level 7.9 Conjurations
 + Level 9.3 Earth Magic


You had 17 spell levels left.
You knew the following spells:

 Your Spells              Type           Power      Damage    Failure   Level
a - Sandblast             Erth           100%       2d20      1%          1
b - Stone Arrow           Conj/Erth      100%       3d13      1%          3

Your spell library contained the following spells:

 Spells                   Type           Power      Damage    Failure   Level
 Kiss of Death            Conj/Necr      100%       2d13      1%          1
 Sting                    Conj/Alch      100%       1d9       1%          1
 Passwall                 Erth           55%        N/A       1%          3
 Brom's Barrelling Bould  Conj/Erth      52%        2d7       1%          4
 Summon Small Mammal      Summ           36%        N/A       6%          1
 Iskenderun's Battlesphe  Conj           50%        2d10      7%          5
 Lesser Beckoning         Tloc           18%        N/A       10%         2
 Mercury Vapours          Alch/Air       18%        N/A       10%         2
 Petrify                  Alch/Erth      33%        N/A       10%         4
 Iskenderun's Mystic Bla  Conj/Tloc      29%        2d7       12%         4
 Call Canine Familiar     Summ           9%         N/A       19%         3
 Gell's Gravitas          Tloc           9%         N/A       19%         3
 Teleport Other           Tloc           9%         N/A       19%         3
 Tukima's Dance           Hex            9%         N/A       19%         3
 Fireball                 Conj/Fire      14%        3d8       34%         5
 Dimensional Bullseye     Hex/Tloc       4%         N/A       54%         4
 Olgreb's Toxic Radiance  Alch           9%         N/A       54%         4
 Summon Blazeheart Golem  Fire/Summ      9%         N/A       54%         4
 Conjure Ball Lightning   Conj/Air       14%        3x3d6     88%         6
 Orb of Destruction       Conj           25%        9d9       90%         7


Dungeon Overview and Level Annotations

Branches:
Dungeon (7/15)             Temple (1/1) D:5         Ossuary (visited)

Altars:
Ashenzari
Cheibriados
Dithmenos
Fedhas
Gozag
Hepliaklqana
Kikubaaqudgha
Makhleb
Nemelex Xobeh
Okawaru
Qazlal
Ru
Sif Muna
Trog
Uskayaw
Vehumet
Xom
Yredelemnul
Zin
The Shining One

Annotations:
D:1 1 transporter
D:4 1 transporter


Innate Abilities, Weirdness & Mutations

You are immune to sickness and miasma.
Your stone body is resilient. (AC +6)
You are immune to poison.
You resist negative energy. (rN+)
You are resistant to electric shocks. (rElec)
You are resistant to unholy torment.
You are immune to petrification.


Message History

Aiming: Stone Arrow (safe; 1% risk of failure)
Press: ? - help, Shift-Dir - straight line, f/p - kobold
Aim: a kobold, wielding a +0 club and quivering stones (72% to hit)
The stone arrow hits the kobold!!
You kill the kobold!
Vehumet accepts your kill. The wight closely misses you.
Casting: Stone Arrow (safe; 1% risk of failure)
Confirm with . or Enter, or press ? or * to list all spells.
You don't have enough magic to cast this spell.
Unknown command.
Casting: Stone Arrow (safe; 1% risk of failure)
Confirm with . or Enter, or press ? or * to list all spells.
Aiming: Sandblast (safe; 1% risk of failure)
Press: ? - help, Shift-Dir - straight line, f - wight
Aim: a wight, wielding a +0 war axe and wearing a +0 robe (85% to hit)
The blast of sand misses the wight.
The wight hits you with a +0 war axe. x2
* * * LOW HITPOINT WARNING * * *
Casting: Sandblast (safe; 1% risk of failure)
Confirm with . or Enter, or press ? or * to list all spells.
You don't have enough magic to cast this spell.
Unknown command.
You hit the wight but do no damage.
Your weapon exudes an aura of protection.
The wight closely misses you.
You closely miss the wight. The wight hits you with a +0 war axe.
* * * LOW HITPOINT WARNING * * *
You hit the wight but do no damage. The wight hits you but does no damage.
You barely miss the wight. The wight hits you with a +0 war axe.
* * * LOW HITPOINT WARNING * * *
You hit the wight but do no damage. The wight closely misses you.
Casting: Sandblast (safe; 1% risk of failure)
Confirm with . or Enter, or press ? or * to list all spells.
You don't have enough magic to cast this spell.
Unknown command.
You hit the wight but do no damage. The wight hits you but does no damage.
You hit the wight.
The wight is lightly damaged.
The wight hits you with a +0 war axe!
You die...

.##### ##.'#...#..## .....#
#####.....##### .###.#
#.............## .# #.#
######......⌠.......# .# #.#
#...................# .# #.#
#......###.....###..# .# #.#
#..>..##..#...#..##.# .#
#.#####.....#)z.#...#...#.# .#
#.........#.#@)##...##.>#.# .#
#..#####..#.#####....####.### .#
#..#####..####.#####.# #..<.##
.###..#.............# #.# #....##
........###..####.#.###.# #....##
####..#####..####.......###....##
####..............#...#[..+......
.............####.#.#.#.###......
.)....#####.......#.#.#.# #.....#


You could see a wight.

Vanquished Creatures
  A troll (D:6)
  Sigmund (D:4)
  A water moccasin (D:5)
  An orc warrior (D:6)
  A black bear (D:6)
  An elf zombie (Ossuary)
  2 kobold brigands
  A bullfrog (D:7)
  2 scorpions
  3 wights (D:7)
  4 howler monkeys (D:3)
  4 bombardier beetles (D:5)
  A gnoll bouda (D:3)
  3 hounds
  A human zombie (Ossuary)
  2 orc priests
  A jelly (D:6)
  A sleepcap (D:6)
  3 iguanas (D:5)
  4 orc wizards
  3 hound zombies (Ossuary)
  4 mummies (Ossuary)
  12 gnolls (D:3)
  8 adders
  2 shadow imps (D:6)
  2 ufetubi (D:6)
  An adder zombie (Ossuary)
  A dart slug (D:2)
  3 ribbon worms
  31 orcs
  8 endoplasms
  5 giant cockroaches
  A gnoll zombie (Ossuary)
  10 goblins
  12 hobgoblins
  19 jackals
  12 kobolds
  3 quokkas
  4 ball pythons
  8 bats
  4 frilled lizards
  A goblin zombie (Ossuary)
  A kobold zombie (Ossuary)
  5 rats
  3 rat zombies (Ossuary)
201 creatures vanquished.

Notes
Turn   | Place    | Note
-------+----------+-------------------------------------------
     0 | D:1      | CougarLife the Gargoyle Earth Elementalist began the quest
                  | for the Orb.
     0 | D:1      | Reached XP level 1. HP: 10/10 MP: 3/3
   156 | D:1      | Reached XP level 2. HP: 15/15 MP: 3/5
   303 | D:1      | Reached skill level 4 in Earth Magic
   787 | D:1      | Reached XP level 3. HP: 19/19 MP: 6/6
  1242 | D:2      | Learned a level 3 spell: Stone Arrow
  1433 | D:2      | Reached XP level 4. HP: 24/24 MP: 8/8
  1675 | D:2      | Found a stormy altar of Qazlal.
  1800 | D:2      | Identified the +0 pair of boots "Kuochear" {+Inv rN+ Dex-2}
  1818 | D:2      | Found a faded altar of an unknown god.
  1827 | D:2      | Got Plato's Octavo of the Pit
  2041 | D:3      | Reached XP level 5. HP: 25/28 MP: 8/9
  2360 | D:3      | Reached skill level 5 in Earth Magic
  2373 | D:3      | Found a burning altar of Makhleb.
  2477 | D:3      | Reached XP level 6. HP: 32/32 MP: 11/11
  2995 | D:3      | Reached skill level 6 in Earth Magic
  2995 | D:3      | Reached XP level 7. HP: 36/36 MP: 13/13
  3066 | D:3      | Reached skill level 5 in Conjurations
  3761 | D:4      | Noticed Sigmund
  3767 | D:4      | Killed Sigmund
  3768 | D:4      | Reached skill level 5 in Spellcasting
  3793 | D:4      | Found a sand-covered staircase.
  3804 | Ossuary  | Entered an ossuary
  3809 | Ossuary  | Reached XP level 8. HP: 38/41 MP: 15/15
  3814 | Ossuary  | Reached skill level 7 in Earth Magic
  4273 | D:4      | Found a sparkling altar of Nemelex Xobeh.
  4273 | D:4      | Found a transporter.
  4717 | D:5      | Entered Level 5 of the Dungeon
  5118 | D:5      | Reached skill level 8 in Earth Magic
  5501 | D:5      | Found a staircase to the Ecumenical Temple.
  5510 | Temple   | Entered the Ecumenical Temple
  5554 | Temple   | Became a worshipper of Vehumet
  5844 | D:6      | Reached XP level 9. HP: 45/45 MP: 18/18
  6080 | D:6      | Found a blossoming altar of Fedhas.
  6264 | D:6      | Noticed a troll
  6267 | D:6      | Killed a troll
  6268 | D:6      | Reached skill level 9 in Earth Magic
  6564 | D:6      | Found a stormy altar of Qazlal.
  6566 | D:6      | Found an iron altar of Okawaru.
  6700 | D:6      | Slain by a wight

Illustrated notes

Levels and vault maps discovered:
D:1:      spicycebolla_arrival_risky_transporter, layout_basic,
          chequers_serial_rivers_micro_c, hangedman_decor_points
D:2:      layout_rooms, basic_altar, shapermc_ecumenical_altar_rom_forum
D:3:      lemuel_castle_with_subvaults [lemuel_castle_interior_carwin_2],
          layout_rooms, bloody_makhleb
D:4:      layout_cave_pools, grunt_nemelex_the_gamble, enter_ossuary_1,
          uniq_sigmund
D:5:      layout_loops_ring, minmay_temple_entry_poolview
D:6:      layout_basic, nicolae_overflow_hidden_temple, grunt_ministairs_6,
          minmay_small_thing
D:7:      layout_cave_pools, elyvilon_altar_4, minmay_nine_imps
Temple:   regret_index_temple_generic_petals

Skill      XL: |  1  2  3  4  5  6  7  8  9 |
---------------+----------------------------+-----
Earth Magic    | 4 5 6 8 9 |  9.3
Conjurations   | 2 3 4 5 7 |  7.9
Spellcasting   | 3 4 5 6 |  6.9
Dodging        | |  1.5
Stealth        | |  2.1

Action                     |  1- 3 |  4- 6 |  7- 9 || total
---------------------------+-------+-------+-------++-------
  Melee: Unarmed           |     5 |       |       ||     5
         Dagger            |     4 |     2 |    48 ||    54
   Cast: Sandblast         |    54 |   103 |   136 ||   293
         Stone Arrow       |       |     7 |    40 ||    47
    Use: Scroll            |       |       |     8 ||     8
         Potion            |       |       |     1 ||     1
 Armour: Robe              |    28 |    19 |   199 ||   246
  Dodge: Dodged            |    29 |    25 |   153 ||   207

Table legend: (Time is in decaauts)
 A = Elapsed time spent in this place.
 B = Non-inter-level travel time spent in this place.
 C = Inter-level travel time spent in this place.
 D = Time resting spent in this place.
 E = Time spent auto-exploring this place.
 F = Levels seen in this place.
 G = Mean time per level.
                   A        B        C        D        E       F      G
               +--------+--------+--------+--------+--------+-----+--------+
         Total |   6848 |   6416 |    432 |    955 |   3904 |   9 |  760.9 |
       Dungeon |   6413 |   6065 |    348 |    845 |   3807 |   7 |  916.1 |
        Temple |     86 |      2 |     84 |      0 |      0 |   1 |   86.0 |
       Ossuary |    347 |    347 |      0 |    110 |     97 |   1 |  347.0 |
               +--------+--------+--------+--------+--------+-----+--------+

Top non-repeatable levels by time:
     D:3: 1762 daAuts
     D:1: 1249 daAuts
     D:6: 1056 daAuts
     D:5: 838 daAuts
     D:2: 744 daAuts
     D:4: 723 daAuts
 Ossuary: 347 daAuts
  Temple: 86 daAuts
     D:7: 38 daAuts
